 Dungeon Crawl Stone Soup version 0.31.0-32-g396128a36d (webtiles) character file.

Game seed: 518619411125386409

238 PaiMei the Grave Robber (level 5, -4/39 HPs)
             Began as a Demonspawn Necromancer on Mar 30, 2024.
             Slain by a black bear (6 damage)
             ... on level 4 of the Dungeon.
             The game lasted 00:06:10 (4396 turns).

PaiMei the Grave Robber (Demonspawn Necromancer)    Turns: 4396, Time: 00:06:11

Health: -4/39      AC:  3    Str: 14    XL:     5   Next: 78%
Magic:  8/9        EV: 13    Int: 17    God:
Gold:   72         SH:  0    Dex: 14    Spells: 9/10 levels left

rFire   + . .        g - +1 dagger (venom)
rCold   + . .        (no shield)
rNeg    + . .        d - +1 robe {rN+}
rPois   .            (helmet restricted)
rElec   .            o - scarf {rC+ rF+}
rCorr   .            (no gloves)
SInv    .            (no boots)
Will    .....        (no amulet)
Stlth   ++           l - +6 ring of strength
HPRegen 0.26/turn    (no ring)
MPRegen 0.11/turn

%: no passive effects
@: no status effects
A: horns 2, spiny 1
a: no special abilities


You were on level 4 of the Dungeon.
You visited 1 branch of the dungeon, and saw 5 of its levels.

You collected 173 gold pieces.
You spent 101 gold pieces at shops.

Inventory:

Hand Weapons
 g - a +1 dagger of venom (weapon)
Missiles
 p - 2 silver javelins
 r - a throwing net
 t - 7 poisoned darts
Armour
 d - a +1 robe of positive energy (worn)
 o - a scarf of resistance (worn)
Jewellery
 l - a +6 ring of strength (left hand)
Scrolls
 c - 2 scrolls of teleportation
 e - 2 scrolls of immolation {unknown}
 f - a scroll of poison {unknown}
 h - 3 scrolls of noise {unknown}
 i - a scroll of blinking {unknown}
 j - a scroll of vulnerability {unknown}
 k - a scroll of enchant weapon {unknown}
 m - 5 scrolls of identify
 s - a scroll of fog {unknown}
Potions
 a - 4 potions of curing
 b - a potion of magic
 n - a potion of heal wounds {unknown}
 q - a potion of brilliance {unknown}


   Skills:
 + Level 2.4 Fighting
 + Level 3.1 Dodging
 - Level 2.0 Stealth
 + Level 3.2 Spellcasting
 + Level 5.4 Necromancy


You had 9 spell levels left.
You knew the following spells:

 Your Spells              Type           Power      Damage    Failure   Level
a - Necrotise             Necr           84%        1d8       1%          1

Your spell library contained the following spells:

 Spells                   Type           Power      Damage    Failure   Level
 Vampiric Draining        Necr           21%        2d7       5%          3
 Slow                     Hex            8%         N/A       17%         1
 Animate Dead             Necr           21%        N/A       19%         4
 Confusing Touch          Hex            2%         N/A       45%         3
 Sigil of Binding         Hex            2%         N/A       45%         3
 Curse of Agony           Necr           21%        N/A       45%         5


Dungeon Overview and Level Annotations

Branches:
Dungeon (5/15)
 Temple: D:4-7

Altars:
Xom

Shops:
D:2 *   D:3 (:*   D:4 ([

Annotations:
D:2 Sigmund


Innate Abilities, Weirdness & Mutations

You have a pair of horns on your head.
You are partially covered in sharp spines.


Message History

The black bear bites you but does no damage.
The black bear claws you but does no damage. x2
The orc misses you. The iguana closely misses you.
There is a stone staircase leading down here.
The black bear attacks as it pursues you!
The black bear is struck by your spines.
The black bear barely misses you. The black bear misses you.
The black bear claws you. The iguana attacks as it pursues you!
The iguana is struck by your spines. The iguana bites you!
You see here a +0 flail.
The orc priest mumbles some strange prayers to Beogh against you.
Beogh smites you! The orc attacks as it pursues you!
The orc is struck by your spines. The orc hits you with a +0 flail.
* * * LOW HITPOINT WARNING * * *
The iguana attacks as it pursues you! The iguana is struck by your spines.
The iguana bites you.
* * * LOW HITPOINT WARNING * * *
The black bear attacks as it pursues you!
The black bear is struck by your spines.
The black bear barely misses you.
The black bear claws you but does no damage.
The black bear misses you.
The black bear is struck by your spines.
The black bear bites you.
* * * LOW HITPOINT WARNING * * *
The black bear claws you.
* * * LOW HITPOINT WARNING * * *
The black bear closely misses you.
The orc priest looks braver for a moment.
You hit the black bear.
The black bear is heavily wounded.
The black bear bites you but does no damage.
The black bear closely misses you. The black bear barely misses you.
Casting: Necrotise (safe; 1% risk of failure)
Confirm with . or Enter, or press ? or * to list all spells.
Aiming: Necrotise (safe; 1% risk of failure)
Press: ? - help, Shift-Dir - straight line, f - black bear
Aim: a black bear (heavily wounded, chance to affect: 80%)
The black bear writhes in agony.
The black bear bites you.
You die...

.........#...#........#
.........#...#........#
..[......######......##
.......................
.........#############.#
..............# .#
...........###(#
...............###.#
..............oh@..#
..............l#####
.............o.#
.............>.#
..............o#
...............#
...............# ##
...............# g<
............^..###.#####


You could see a black bear, an iguana, an orc priest and an orc.

Vanquished Creatures
  A scorpion (D:4)
  A jelly (D:3)
  7 gnolls (D:3)
  2 adders
  A dart slug (D:4)
  A ribbon worm (D:2)
  3 orcs
  2 endoplasms
  7 giant cockroaches
  6 goblins
  A hobgoblin (D:2)
  7 ball pythons
  6 bats
  4 frilled lizards
  4 kobolds
  5 rats
58 creatures vanquished.

Vanquished Creatures (collateral kills)
  A ball python (D:1)
1 creature vanquished.

Grand Total: 59 creatures vanquished

Notes
Turn   | Place    | Note
-------+----------+-------------------------------------------
     0 | D:1      | PaiMei the Demonspawn Necromancer began the quest for the
                  | Orb.
     0 | D:1      | Reached XP level 1. HP: 13/13 MP: 3/3
   474 | D:1      | Gained mutation: You have a pair of small horns on your
                  | head. [demonic ancestry]
   474 | D:1      | Reached XP level 2. HP: 19/19 MP: 0/5
  1528 | D:2      | Reached XP level 3. HP: 25/25 MP: 2/6
  1951 | D:2      | Found Munoriulo's General Store.
  1954 | D:2      | Bought a scroll of teleportation for 39 gold pieces
  1954 | D:2      | Bought a scroll of identify for 26 gold pieces
  2246 | D:2      | Noticed Sigmund
  2640 | D:3      | Reached skill level 1 in Fighting
  2704 | D:3      | Found Tyamp's Antique Weapon Shoppe.
  3060 | D:3      | Reached skill level 5 in Necromancy
  3060 | D:3      | Gained mutation: You are partially covered in sharp spines.
                  | [demonic ancestry]
  3060 | D:3      | Reached XP level 4. HP: 32/32 MP: 0/8
  3315 | D:3      | Found a shimmering altar of Xom.
  3326 | D:3      | Found Wobyodda's General Store.
  3414 | D:3      | Bought a potion of curing for 36 gold pieces
  3492 | D:3      | Gained mutation: You have a pair of horns on your head.
                  | [demonic ancestry]
  3492 | D:3      | Reached XP level 5. HP: 38/38 MP: 3/9
  3905 | D:3      | Found Qeisitiu's Book Shoppe.
  4065 | D:4      | Found Zomolont's Armour Boutique.
  4186 | D:4      | Noticed a black bear
  4189 | D:4      | Found Qeutovud's Antique Weapon Boutique.
  4210 | D:5      | Entered Level 5 of the Dungeon
  4393 | D:4      | HP: 1/39 [black bear (2)]
  4396 | D:4      | Slain by a black bear

Illustrated notes

Levels and vault maps discovered:
D:1:      dpeg_arrival_court, layout_basic, serial_corexii_hall,
          corexii_hall_statues_u, chequers_hall_statues_y
D:2:      layout_basic, serial_shops, nicolae_shop_tiny_real_fake_doors,
          uniq_sigmund
D:3:      layout_loops_cross, mainiacjoe_overflow_concentric_impassable,
          serial_shops, shop, nicolae_shop_advertising_works
          [nicolae_subvault_shop_adworks], shop, minivault_19
D:4:      layout_basic, serial_glass, glass_columns_c, glass_columns_b,
          glass_columns_b, glass_columns_a, serial_shops,
          nicolae_shop_hallway_stairs, nicolae_square_shop,
          nicolae_shop_behind_doors, nicolae_shop_scrapyard
D:5:      layout_loops_ring, minmay_temple_entry_hall, uniq_eustachio

Skill      XL: |  1  2  3  4  5 |
---------------+----------------+-----
Stealth        | 2 |  2.0
Dodging        | 2 3 |  3.1
Fighting       | 1 2 |  2.4
Necromancy     | 5 |  5.4
Spellcasting   | 3 |  3.2

Action                     |  1- 3 |  4- 6 || total
---------------------------+-------+-------++-------
  Melee: Dagger            |     5 |     1 ||     6
         Headbutt          |     1 |       ||     1
   Cast: Necrotise         |    62 |    58 ||   120
 Armour: Robe              |     9 |    16 ||    25
  Dodge: Dodged            |    16 |    20 ||    36
